 Dungeon Crawl Stone Soup version 0.26.0-10-g1f06aea511 (webtiles) character file.

Game seed: 2006443947339083838

152577 vatarom the Warrior (level 17, -2/175 HPs)
             Began as an Ogre Hunter on Jan 17, 2021.
             Was an Elder of Hepliaklqana.
             Killed from afar by a nagaraja (6 damage)
             ... with a splash of poison
             ... on level 3 of the Snake Pit.
             The game lasted 01:06:47 (38198 turns).

vatarom the Warrior (Ogre Hunter)                  Turns: 38198, Time: 01:06:48

Health: -2/175     AC: 10    Str: 20    XL:     17   Next: 58%
Magic:  22/22      EV: 18    Int: 12    God:    Hepliaklqana [****..]
Gold:   891        SH:  5    Dex: 20    Spells: 16/16 levels left

rFire    . . .     SeeInvis +   F - +8 giant spiked club
rCold    . . .     Faith    .   (shield currently unavailable)
rNeg     . . .     Spirit   .   k - +5 robe of Night {Dark Will+ SInv}
rPois    +         Reflect  +   d - +2 hat {SInv}
rElec    .         Harm     .   h - scarf {shadows}
rCorr    .         Rampage  .   (gloves unavailable)
Will     ++...                  (boots unavailable)
Stlth    ++........             x - amulet of reflection
HPRegen  0.39/turn              o - ring of poison resistance
MPRegen  0.18/turn              V - +6 ring of dexterity

@: studying Shields
A: large, unfitting armour, reduced essence, tough skin 1
a: Renounce Religion, Recall Ancestor, Ancestor Identity, Transference, Idealise


You were on level 3 of the Snake Pit.
You worshipped Hepliaklqana.
Hepliaklqana was greatly pleased with you.
You visited 6 branches of the dungeon, and saw 28 of its levels.
You also visited: Bailey and Gauntlet.

You collected 2613 gold pieces.
You spent 1722 gold pieces at shops.

Inventory:

Hand Weapons
 F - a +8 giant spiked club (weapon)
Missiles
 l - 76 poisoned darts
 q - 12 javelins
 y - 28 large rocks (quivered)
 G - 14 silver javelins
 U - a throwing net {!f}
Armour
 d - a +2 hat of see invisible (worn)
 h - a scarf of shadows (worn)
 k - the +5 robe of Night (worn) {Dark Will+ SInv}
   (You bought it in a shop on level 4 of the Dungeon)

   It affects your willpower, your defense against some magical effects.
   It lets you see invisible.
Jewellery
 c - an uncursed ring of protection from cold
 f - an uncursed amulet of regeneration
 o - a ring of poison resistance (left hand)
 v - a +4 ring of evasion
 x - an amulet of reflection (around neck)
 D - an uncursed ring of stealth
 V - a +6 ring of dexterity (right hand)
Wands
 n - a wand of acid (6) {@v2}
 s - a wand of iceblast (22) {@v4}
 H - a wand of paralysis (22)
 I - a wand of random effects (33)
 N - a wand of digging (12) {@v1}
 Q - a wand of disintegration (17)
 R - a wand of flame (38)
 W - a wand of enslavement (4)
Scrolls
 b - 15 scrolls of remove curse {@r2}
 e - 2 scrolls of enchant armour
 u - 3 scrolls of teleportation {@r3}
 B - a scroll of magic mapping
 E - 2 scrolls of immolation
 J - 5 scrolls of fog
 L - 3 scrolls of amnesia
 M - 3 scrolls of fear
 P - 4 scrolls of identify {@r1}
 X - a scroll of torment
Potions
 a - 3 potions of might {@q4}
 g - a potion of magic
 i - 7 potions of brilliance {@q6}
 j - 2 potions of lignification
 m - 2 potions of cancellation
 p - 2 potions of haste {@q3}
 r - 2 potions of resistance
 z - 9 potions of flight
 C - 5 potions of curing {@q1}
 K - 3 potions of ambrosia
 O - 5 potions of invisibility
 S - 2 potions of berserk rage
 T - 5 potions of attraction
Books
 A - a manual of Shields


   Skills:
 + Level 18.2 Fighting
 + Level 14.5 Maces & Flails
 - Level 10.8 Throwing
 * Level 8.7 Armour
 - Level 11.2 Dodging
 - Level 0.6 Stealth
 - Level 6.9 Invocations
 - Level 9.8 Evocations


You had 16 spell levels left.
You didn't know any spells.
Your spell library contained the following spells:

 Spells                   Type           Power        Failure   Level
 Corona                   Hex            0%           32%         1
 Magic Dart               Conj           0%           32%         1
 Searing Ray              Conj           0%           45%         2
 Slow                     Hex            0%           45%         2
 Confusing Touch          Hex            0%           69%         3
 Dazzling Flash           Conj/Hex       0%           69%         3
 Gell's Gravitas          Tloc           0%           69%         3
 Inner Flame              Hex/Fire       0%           69%         3
 Portal Projectile        Hex/Tloc       0%           69%         3
 Cause Fear               Hex            0%           97%         4
 Fulminant Prism          Conj/Hex       0%           97%         4
 Ice Form                 Ice/Tmut       0%           97%         4
 Iskenderun's Mystic Bla  Conj/Tloc      0%           97%         4
 Leda's Liquefaction      Hex/Erth       0%           97%         4
 Petrify                  Tmut/Erth      0%           97%         4
 Summon Lightning Spire   Summ/Air       0%           97%         4
 Irradiate                Conj/Tmut      0%           100%        5
 Metabolic Englaciation   Hex/Ice        0%           100%        5
 Silence                  Hex/Air        0%           100%        5
 Yara's Violent Unravell  Hex/Tmut       0%           100%        5
 Conjure Ball Lightning   Conj/Air       0%           100%        6
 Freezing Cloud           Conj/Ice/Air   0%           100%        6
 Hydra Form               Tmut           0%           100%        6
 Ozocubu's Refrigeration  Ice            0%           100%        6
 Simulacrum               Ice/Necr       0%           100%        6
 Statue Form              Tmut/Erth      0%           100%        6
 Dragon Form              Tmut           0%           100%        7
 Discord                  Hex            0%           100%        8
 Tornado                  Air            0%           100%        9


Dungeon Overview and Level Annotations

Branches:
Dungeon (15/15)            Temple (1/1) D:6            Lair (6/6) D:10
  Swamp (1/4) Lair:3        Snake (3/4) Lair:4        Slime (0/5) Lair:5
    Orc (2/2) D:9             Elf (0/3) Orc:2        Vaults (0/5) D:13
 Depths (0/5) D:15         Bailey (visited)         Gauntlet (visited)

Altars:
Ashenzari
Cheibriados
Dithmenos
Elyvilon
Fedhas
Gozag
Hepliaklqana
Kikubaaqudgha
Makhleb
Nemelex Xobeh
Okawaru
Qazlal
Ru
Sif Muna
Trog
Uskayaw
Vehumet
Wu Jian
Xom
Yredelemnul
Zin
The Shining One
Beogh
Jiyva

Shops:
D:4 [   D:8 (   D:11 [*[:=   D:12 *=:?*   D:14 !   Orc:2 [*(=   Snake:2 ::![


Innate Abilities, Weirdness & Mutations

You are too large for most types of armour.
You have tough skin. (AC +1)
Your life essence is reduced to manifest your ancestor. (-10% HP)


Message History

The nagaraja is heavily wounded.
The nagaraja hits you from afar with a +0 halberd!
* * * LOW HITPOINT WARNING * * *
The nagaraja spits poison at you.
The splash of poison hits you but does no damage.
You resist.
Killer hits the nagaraja with a +0 quarterstaff!!
The nagaraja hits Killer with a +0 halberd!! x2
Killer is destroyed!
Throw: 29 large rocks
Press: ? - help, Q - select action, (/) - cycle Shift-Dir - straight line, f/p - nagaraja
Aim: a nagaraja, wielding a +0 halberd and wearing a +0 robe (severely wounded, fast, unaware, catching its breath, hasn't noticed you)
You throw a large rock. The nagaraja shouts!
The large rock hits the nagaraja but does no damage.
The nagaraja is severely wounded.
You hear an angry hiss. x2
The nagaraja spits poison at you. The splash of poison hits you. You resist.
You die...

#....................
##...............N...
########............
## ### #............
.####.# #............
......# #.....N......
.####.# #............
.# #.# #......... .#
#.# ##.@†.... .# #.#
#........ [####.#
#........ ).....###
#........ ...##...#
#....... ...####.#
.#.# #.# ...# #.#
...# #.#


You could see a nagaraja (fast, catching breath).

Vanquished Creatures
  Gastronok (D:8)
  A nagaraja (Snake:3)
  A vampire knight (D:14)
  Nessos (Orc:2)
  Azrael (D:12)
  An ettin (D:15)
  Snorg (D:10)
  A yaktaur captain (D:12)
  6 boulder beetles
  Fannar (Lair:2)
  3 hydras
  5 naga warriors
  2 anacondas
  6 two-headed ogres
  A tengu warrior (D:15)
  5 centaur warriors
  7 death yaks
  A deep troll shaman (Lair:6)
  2 orc high priests (Orc:2)
  A naga sharpshooter (Snake:1)
  A shock serpent (Snake:3)
  A deep elf knight (D:12)
  8 skeletal warriors
  2 unseen horrors
  2 naga ritualists (Snake:1)
  Pikel (D:6)
  2 orc knights (Orc:2)
  5 mana vipers
  4 ugly things
  5 salamanders
  5 cyclopes
  4 orc sorcerers
  A manticore (D:13)
  18 elephants
  21 black mambas
  3 centaur zombies
  2 guardian serpents (Snake:1)
  A torpor snail (Lair:4)
  11 naga magi
  9 cane toads
  2 gargoyles
  2 rime drakes
  2 kobold demonologists
  5 komodo dragons
  A yaktaur (D:12)
  A freezing wraith (D:15)
  An ice devil (Gauntlet)
  A troll (shapeshifter) (D:14)
  8 trolls
  4 tyrant leeches
  5 polar bears
  A hornet (D:8)
  A merfolk (D:9)
  4 slime creatures (D:14)
  8 blink frogs
  A spriggan (Lair:4)
  A shadow (D:15)
  Sigmund (D:3)
  A shapeshifter (D:14)
  4 wyverns
  14 humans (D:13)
  26 yaks
  4 wraiths
  A basilisk (Lair:6)
  3 fire elementals
  Grum (D:10)
  A vampire mosquito (D:14)
  A warg (Orc:1)
  A swamp worm (Lair:3)
  A hell hound (D:13)
  19 nagas
  A soldier ant (shapeshifter) (D:13)
  10 water moccasins
  2 acid dragons
  29 orc warriors
  An ice beast (D:8)
  2 sky beasts
  A phantom (D:8)
  5 black bears
  9 ogres
  17 wolves
  14 centaurs
  5 big kobolds
  8 bullfrogs
  3 scorpions
  6 killer bees (D:8)
  14 wights
  2 electric eels (Lair:6)
  5 howler monkeys
  2 jellies
  2 quasits
  A bullfrog zombie (D:12)
  15 orc priests
  4 hounds
  6 centaur skeletons
  Jessica (D:2)
  An iguana (D:4)
  16 orc wizards
  12 worker ants
  A worker ant zombie (D:11)
  15 adders
  4 gnolls
  A shadow imp (D:8)
  2 white imps
  An ufetubus (D:6)
  2 adder zombies (D:5)
  An adder skeleton (D:4)
  3 worms (D:3)
  2 dart slugs
  6 leopard geckos
  71 orcs
  2 giant cockroaches
  5 goblins
  6 hobgoblins
  6 jackals
  3 quokkas
  A ball python skeleton (D:4)
  7 bats
  5 frilled lizards
  A giant cockroach zombie (D:5)
  A goblin skeleton (D:5)
  3 hobgoblin zombies (D:5)
  A jackal skeleton (D:5)
  A jackal zombie (D:5)
  17 kobolds
  A kobold skeleton (D:5)
  A kobold zombie (D:5)
  An orc skeleton (D:5)
  2 quokka skeletons (D:5)
  12 rats
659 creatures vanquished.

Vanquished Creatures (collateral kills)
  Jorgrun (Orc:1)
  An orc warlord (Orc:2)
  A vampire knight (D:14)
  A dire elephant (Gauntlet)
  A dire elephant (shapeshifter) (Gauntlet)
  A minotaur (Gauntlet)
  3 hydras
  3 boulder beetles
  A centaur warrior (D:15)
  A catoblepas (Lair:6)
  3 two-headed ogres
  An ogre mage (D:15)
  2 death yaks (Lair:6)
  A naga sharpshooter (Snake:1)
  An orc high priest (Orc:2)
  A shock serpent (Snake:3)
  3 skeletal warriors (D:13)
  An unseen horror (D:14)
  A wizard (D:15)
  2 orc knights
  2 naga ritualists
  2 cyclopes
  3 ugly things (D:14)
  A mana viper (Snake:3)
  2 deep elf magi (D:12)
  An orc sorcerer (Orc:2)
  A salamander (Snake:1)
  9 black mambas
  5 elephants
  A guardian serpent (Snake:2)
  A torpor snail (Lair:2)
  A naga mage (Snake:1)
  Psyche (D:8)
  A centaur skeleton (D:14)
  5 cane toads
  A rime drake (Lair:2)
  A kobold demonologist (D:15)
  2 komodo dragons
  A polar bear (Lair:6)
  A meliai (shapeshifter) (Gauntlet)
  2 tyrant leeches (D:14)
  A slime creature (D:14)
  11 blink frogs
  A shadow (D:14)
  A spriggan (Lair:4)
  2 humans (D:13)
  A wraith (D:13)
  2 wyverns (Lair:4)
  12 yaks
  2 basilisks (Lair:3)
  11 nagas
  6 water moccasins
  A hell hound (D:12)
  An ice beast (D:12)
  An ice beast (shapeshifter) (Gauntlet)
  2 black bears
  12 orc warriors
  4 ogres
  4 centaurs
  5 wolves
  A big kobold (D:7)
  4 bullfrogs
  3 scorpions
  A killer bee (D:8)
  A wight (D:11)
  2 electric eels (Lair:1)
  A jelly (D:7)
  A hound (D:7)
  8 orc priests
  5 orc wizards
  2 iguanas
  A worker ant (D:12)
  2 white imps (Gauntlet)
  An ufetubus (D:9)
  26 orcs
  A quokka (D:11)
  5 kobolds
  A quokka skeleton (D:8)
220 creatures vanquished.

Vanquished Creatures (others)
  An unseen horror (D:12)
  38 battlemagi
  9 ancestors
  12 demonic plants (Gauntlet)
  41 fungi
  56 plants
157 creatures vanquished.

Grand Total: 1036 creatures vanquished

Notes
Turn   | Place    | Note
-------+----------+-------------------------------------------
     0 | D:1      | vatarom the Ogre Hunter began the quest for the Orb.
     0 | D:1      | Reached XP level 1. HP: 22/22 MP: 1/1
   140 | D:1      | Reached skill level 3 in Fighting
   387 | D:1      | Reached XP level 2. HP: 28/31 MP: 2/2
  1185 | D:2      | Reached XP level 3. HP: 31/37 MP: 3/3
  1216 | D:2      | Reached skill level 1 in Maces & Flails
  1346 | D:2      | Noticed Jessica
  1356 | D:2      | Killed Jessica
  1357 | D:2      | Reached XP level 4. HP: 14/48 MP: 4/4
  1653 | D:2      | Found a burning altar of Makhleb.
  1745 | D:2      | Reached skill level 4 in Fighting
  2108 | D:3      | Noticed Sigmund
  2111 | D:3      | Killed Sigmund
  2112 | D:3      | Reached skill level 5 in Throwing
  2112 | D:3      | Reached XP level 5. HP: 55/55 MP: 5/5
  2112 | D:3      | Reached XP level 6. HP: 65/65 MP: 6/6
  2406 | D:3      | Reached skill level 5 in Fighting
  2573 | D:3      | Found a shimmering altar of Xom.
  3259 | D:4      | Found Epiaf's Antique Armour Boutique.
  3266 | D:4      | Bought a silken robe for 142 gold pieces
  3276 | D:4      | Identified the +0 robe "Poitasal" {Regen+} (You bought it
                  | in a shop on level 4 of the Dungeon)
  3335 | D:4      | HP: 1/66 [ogre/+0 giant club (26)]
  3352 | D:4      | Reached XP level 7. HP: 19/72 MP: 7/7
  4216 | D:5      | Entered Level 5 of the Dungeon
  4296 | D:5      | Reached skill level 6 in Fighting
  4301 | D:5      | Found a glowing golden altar of the Shining One.
  4390 | D:5      | Reached skill level 5 in Maces & Flails
  4656 | D:5      | Reached XP level 8. HP: 59/84 MP: 8/8
  5272 | D:6      | Noticed Pikel
  5286 | D:6      | Killed Pikel
  5287 | D:6      | Reached skill level 7 in Fighting
  5433 | D:6      | Found a staircase to the Ecumenical Temple.
  5442 | Temple   | Entered the Ecumenical Temple
  5511 | Temple   | Became a worshipper of Hepliaklqana the Forgotten
  5671 | D:6      | Reached XP level 9. HP: 68/83 MP: 9/9
  5985 | D:6      | Found a bloodstained altar of Trog.
  6418 | D:7      | Found a stormy altar of Qazlal.
  6488 | D:7      | Found a flagged portal.
  6514 | Bailey   | Entered a bailey
  6534 | Bailey   | Reached skill level 8 in Fighting
  6534 | Bailey   | Reached skill level 5 in Dodging
  7216 | Bailey   | Identified the +6 executioner's axe "Tearal" {vorpal,
                  | Will+}
  7527 | Bailey   | Reached skill level 9 in Fighting
  7527 | Bailey   | Reached XP level 10. HP: 78/96 MP: 10/10
  8272 | D:7      | Reached * piety under Hepliaklqana
  8374 | D:8      | Noticed Gastronok
  8432 | D:8      | Killed Gastronok
  8683 | D:8      | Reached skill level 10 in Fighting
  8700 | D:8      | Noticed Psyche
  8705 | D:8      | Killed Psyche
  8757 | D:8      | Reached skill level 1 in Invocations
  9084 | D:8      | Reached XP level 11. HP: 73/107 MP: 12/12
  9552 | D:8      | Found Dexkuurgh's Weapon Emporium.
  9566 | D:8      | Found a shimmering blue altar of Sif Muna.
 10357 | D:9      | Noticed a boulder beetle
 10587 | D:9      | Reached ** piety under Hepliaklqana
 10588 | D:9      | Remembered your ancestor Killer as a battlemage
 10621 | D:9      | Killed a boulder beetle
 10964 | D:9      | Found a staircase to the Orcish Mines.
 11076 | D:10     | Entered Level 10 of the Dungeon
 11155 | D:10     | Noticed Snorg
 11165 | D:10     | Found a stormy altar of Qazlal.
 11303 | D:10     | Noticed Grum
 11309 | D:10     | Killed Grum
 11310 | D:10     | Reached skill level 11 in Fighting
 11320 | D:10     | Reached skill level 10 in Maces & Flails
 11536 | D:10     | Killed Snorg
 11557 | D:10     | Found a staircase to the Lair.
 11690 | D:10     | Noticed a two-headed ogre
 11698 | D:10     | Killed a two-headed ogre
 11842 | D:11     | Reached *** piety under Hepliaklqana
 11875 | D:11     | Found Iguviny's Jewellery Emporium.
 12031 | D:11     | Found Juargho's Antique Armour Shoppe.
 12031 | D:11     | Found Luckoal's Book Shoppe.
 12143 | D:11     | Found Jehuceh's General Store.
 12213 | D:11     | Noticed a two-headed ogre
 12222 | D:11     | Killed a two-headed ogre
 12223 | D:11     | Reached skill level 5 in Invocations
 12223 | D:11     | Reached XP level 12. HP: 57/117 MP: 15/15
 12360 | D:11     | Found Fariapp's Armour Shop.
 12709 | Lair:1   | Entered Level 1 of the Lair of Beasts
 13141 | Lair:1   | Reached skill level 12 in Fighting
 13964 | Lair:2   | Reached skill level 10 in Throwing
 13970 | Lair:2   | Reached **** piety under Hepliaklqana
 13984 | Lair:2   | Noticed Fannar
 13997 | Lair:2   | Killed Fannar
 14084 | Lair:2   | Noticed a death yak
 14096 | Lair:2   | Killed a death yak
 14398 | Lair:2   | Noticed a four-headed hydra
 15488 | Lair:3   | Reached skill level 1 in Evocations
 15582 | Lair:3   | Reached XP level 13. HP: 45/126 MP: 16/18
 15994 | Lair:3   | Found a staircase to the Swamp.
 16307 | Lair:4   | Reached skill level 13 in Fighting
 17163 | Lair:4   | Found a staircase to the Snake Pit.
 17590 | Lair:5   | Reached ***** piety under Hepliaklqana
 17689 | Lair:5   | Reached skill level 5 in Evocations
 18044 | Lair:5   | Found a staircase to the Slime Pits.
 18074 | Lair:5   | Found a viscous altar of Jiyva.
 18207 | Lair:6   | Entered Level 6 of the Lair of Beasts
 18433 | Lair:6   | Reached XP level 14. HP: 85/138 MP: 19/19
 18437 | Lair:6   | Reached skill level 14 in Fighting
 20578 | D:12     | Reached skill level 10 in Dodging
 20625 | D:12     | Found Zeer Ujenu's Magic Scroll Shop.
 20657 | D:12     | Found Eneph's Assorted Antiques.
 20694 | D:12     | Found a gate leading to a gauntlet.
 20708 | Gauntlet | Entered a Gauntlet
 20715 | Gauntlet | Found a transporter.
 20715 | Gauntlet | Found a transporter.
 20723 | Gauntlet | Noticed a cacodemon
 20723 | Gauntlet | Noticed a dire elephant
 20724 | Gauntlet | Found a transporter.
 20727 | Gauntlet | Found a transporter.
 20740 | Gauntlet | Found a transporter.
 20790 | Gauntlet | Found a transporter.
 20810 | Gauntlet | Found a transporter.
 20826 | Gauntlet | Found a transporter.
 20829 | Gauntlet | Found a transporter.
 20840 | Gauntlet | Found a transporter.
 20843 | Gauntlet | Found a transporter.
 20853 | Gauntlet | Found a transporter.
 21004 | Gauntlet | Killed a dire elephant
 21079 | Gauntlet | Noticed a fenstrider witch
 21080 | Gauntlet | a fenstrider witch changed into an alligator snapping
                  | turtle
 21084 | Gauntlet | Noticed a storm dragon
 21084 | Gauntlet | a death yak changed into a storm dragon
 21086 | Gauntlet | Noticed a dire elephant
 21086 | Gauntlet | a storm dragon changed into a dire elephant
 21089 | Gauntlet | Killed a dire elephant
 21090 | Gauntlet | Reached skill level 15 in Fighting
 21320 | D:12     | Found Zifeqin's Jewellery Emporium.
 21338 | D:12     | Found Ampem's General Store.
 21346 | D:12     | Reached XP level 15. HP: 141/150 MP: 20/20
 21396 | D:12     | Found a burning altar of Makhleb.
 21566 | D:12     | Found Muor's Book Boutique.
 22602 | D:13     | Found a gate to the Vaults.
 22640 | D:13     | Noticed Azrael
 22652 | D:12     | Killed Azrael
 23745 | D:13     | Reached skill level 16 in Fighting
 24516 | D:14     | Found Sonoer's Distillery.
 24519 | D:14     | Bought a potion of heal wounds for 80 gold pieces
 24542 | D:14     | Reached XP level 16. HP: 160/161 MP: 21/21
 24647 | D:14     | Reached skill level 1 in Armour
 24680 | D:14     | Found a sacrificial altar of Ru.
 24889 | D:14     | Paralysed by a vampire knight for 4 turns
 25398 | D:14     | Found the +12 Vampire's Tooth {vamp}
 25886 | D:14     | Found a sacrificial altar of Ru.
 26028 | D:14     | Found Sonoer's Distillery.
 26237 | D:15     | Entered Level 15 of the Dungeon
 26706 | D:15     | Found a staircase to the Depths.
 27616 | Orc:1    | Entered Level 1 of the Orcish Mines
 27825 | Orc:1    | Noticed Jorgrun
 27837 | Orc:1    | Killed Jorgrun
 27838 | Orc:1    | Reached skill level 17 in Fighting
 27838 | Orc:1    | Reached skill level 5 in Armour
 28340 | D:4      | Bought the +5 robe of Night {Dark Will+ SInv} for 1500 gold
                  | pieces
 28340 | D:4      | Found the +5 robe of Night {Dark Will+ SInv}
 28604 | Orc:2    | Entered Level 2 of the Orcish Mines
 28771 | Orc:2    | Found a roughly hewn altar of Beogh.
 28909 | Orc:2    | Found a staircase to the Elven Halls.
 29006 | Orc:2    | Noticed Nessos
 29016 | Orc:2    | Killed Nessos
 31072 | Orc:2    | Found Igedorab's General Store.
 31072 | Orc:2    | Found Eriyx's Jewellery Boutique.
 31081 | Orc:2    | Found Igosk's Antique Armour Shop.
 31082 | Orc:2    | Found Qeom's Antique Weapon Shop.
 31541 | Swamp:1  | Entered Level 1 of the Swamp
 31616 | Snake:1  | Entered Level 1 of the Snake Pit
 32513 | Snake:1  | Reached XP level 17. HP: 103/172 MP: 22/22
 35291 | Snake:2  | Found Unkaz's Book Shop.
 35297 | Snake:2  | Found Reby's Distillery.
 35340 | Snake:2  | Found Sefyepenk's Armour Shop.
 35680 | Snake:2  | Found Leagev's Book Shoppe.
 36792 | Snake:3  | Reached skill level 18 in Fighting
 38196 | Snake:3  | HP: 3/175 [nagaraja/+0 halberd (15)]
 38198 | Snake:3  | Killed from afar by a nagaraja

Illustrated notes

Levels and vault maps discovered:
D:1:      dpeg_arrival_radiant, layout_basic
D:2:      layout_loops_ring, overflow_temple_1_default, serial_glass,
          glass_columns_a, glass_columns_a, glass_columns_c, glass_columns_a,
          glass_columns_a, glass_columns_a, glass_columns_a, glass_columns_a,
          glass_columns_a, glass_columns_a, glass_columns_a, glass_columns_c,
          glass_columns_a, glass_columns_a, item_on_display_a, st_stairs_1,
          minmay_misc_feat_square, kennysheep_potato, uniq_jessica
D:3:      wad_lake_hut, layout_rooms, xom_butterflies, gup_sewer_entry_spiral,
          uniq_sigmund
D:4:      layout_basic, serial_shops, nicolae_shop_waterfront
D:5:      layout_loops_ring, nicolae_tso_besieged_by_evil,
          kennysheep_small_circle
D:6:      lemuel_upstairs_altar, layout_rooms, kennysheep_mini_moat,
          minmay_temple_entry_ruins, uniq_pikel
D:7:      layout_basic, nicolae_qazlal_style_of_elements, enter_bailey_2
D:8:      layout_basic, lemuel_crystal_altar, serial_glass, glass_columns_b,
          glass_columns_a, nicolae_ossuary_entry_monument, serial_shops,
          nicolae_shop_behind_doors, minmay_misc_feat_plants, uniq_psyche,
          uniq_gastronok
D:9:      layout_basic, orc_0_dummy, serial_curves, eino_curves_01,
          eino_curves_02, hangedman_fish_farm
D:10:     layout_rooms, grunt_lair_entry_orc_guard_hut, serial_glass,
          glass_columns_c, glass_columns_a, basic_altar, uniq_grum, uniq_snorg
D:11:     layout_basic, serial_shops, shop, shop, shop, shop, shop
D:12:     minmay_the_grid_triangle_9x9_rhombus_full_mashed
          [minmay_the_grid_triangle_9x9_flanged_cone,
          minmay_the_grid_triangle_9x9_sprig,
          minmay_the_grid_triangle_9x9_odd_lines,
          minmay_the_grid_triangle_9x9_shrine,
          minmay_the_grid_triangle_9x9_empty,
          minmay_the_grid_triangle_9x9_pentomino_pain,
          minmay_the_grid_triangle_9x9_from_above,
          minmay_the_grid_triangle_9x9_prize_schism], layout_basic,
          gauntlet_entry_generic, serial_shops, shop_coins, shop, shop_statue,
          shop, shop, nicolae_benzene_ring
D:13:     layout_loops_ring, david_vaults_3, uniq_azrael
D:14:     layout_long_grid, nicolae_ru_sacrificial_ziggurat, serial_shops,
          nicolae_shop_statue_plus, minmay_guarded_unrand_vampires_tooth
D:15:     hangedman_depths_entry_civil_slaughter, layout_stronghold,
          lemuel_statue_altar
Temple:   eino_temple_scatter_basement
Lair:1:   layout_layer_cave, serial_bayou_ford_a, guppyfry_lair_drakes
Lair:2:   layout_layer_cave, uniq_fannar
Lair:3:   layout_small_grid, minmay_swamp_entry_worms
Lair:4:   layout_loops_ring, minmay_snake_entry_guardpost_medium,
          forest_entry_grove
Lair:5:   layout_hall_layers, slime_altar_1, minmay_lindwurm_lava
Lair:6:   grunt_lair_end_beastmaster, layout_cave_pods, dpeg_stationary_puzzle,
          serial_bayou_shore_a
Swamp:1:  gammafunk_sealed_arena, layout_basic_swamp, serial_swamp_ruin,
          hangedman_swamp_ruin_wall, evilmike_swamp_ruin_house_2,
          evilmike_swamp_ruin_rubble_2
Snake:1:  layout_layer_cave
Snake:2:  layout_rooms, serial_shops, nicolae_shop_stone, shop, shop, shop
Snake:3:  layout_gridlike, guppyfry_library_mini
Orc:1:    layout_caves, uniq_jorgrun, uniq_nergalle, uniq_erolcha
Orc:2:    st_orc_congregation, layout_caves, basic_altar, uniq_nessos

Skill      XL: |  1  2  3  4  5  6  7  8  9 10 11 12 13 14 15 16 17 |
---------------+----------------------------------------------------+-----
Fighting       | 3 4 5 6 7 9 10 11 12 13 15 16 17 18 | 18.2
Maces & Flails | 1 3 4 5 6 8 9 10 11 12 13 14 | 14.5
Throwing       | 5 6 9 10 | 10.8
Dodging        | 4 6 7 8 9 10 11 | 11.2
Invocations    | 2 5 6 |  6.9
Evocations     | 1 5 8 9 |  9.8
Armour         | 6 8 |  8.7
Stealth        | |  0.6

Action                   |  1- 3 |  4- 6 |  7- 9 | 10-12 | 13-15 | 16-18 || total
-------------------------+-------+-------+-------+-------+-------+-------++-------
Melee: Short sword       |    62 |       |       |       |       |       ||    62
       Whip              |    60 |   122 |       |       |       |       ||   182
       Mace              |       |    78 |       |       |       |       ||    78
       Giant club        |       |       |   209 |       |       |       ||   209
       Giant spiked club |       |       |    19 |   391 |   741 |   543 ||  1694
Throw: Dart              |    15 |     3 |    57 |    33 |     3 |       ||   111
       Large rock        |     2 |    14 |    15 |    13 |    13 |    33 ||    90
       Throwing net      |       |     2 |       |     1 |     1 |       ||     4
       Javelin           |       |       |     7 |       |       |       ||     7
Invok: Ancestor Identity |       |       |     1 |       |       |       ||     1
       Ancestor Life: Ba |       |       |       |     1 |       |       ||     1
       Recall Ancestor   |       |       |       |     2 |    13 |     3 ||    18
       Transference      |       |       |       |     1 |     1 |       ||     2
       Idealise          |       |       |       |       |     5 |     2 ||     7
Evoke: Wand              |       |       |     3 |     3 |    18 |     5 ||    29
  Use: Scroll            |       |    15 |     9 |    19 |    14 |    10 ||    67
       Potion            |       |       |     3 |     6 |     2 |     7 ||    18
 Stab: Sleeping          |     1 |     1 |     1 |     3 |       |     5 ||    11
       Distracted        |       |       |     2 |     4 |    10 |     9 ||    25
       Paralysed         |       |       |     2 |       |     1 |       ||     3
Armor: Robe              |    51 |    33 |    51 |    59 |    47 |    67 ||   308
       Troll leather arm |       |       |       |       |    65 |    20 ||    85
Dodge: Dodged            |    81 |    91 |   200 |   432 |   812 |   521 ||  2137
Block: Other             |       |       |       |       |    79 |   167 ||   246
       Reflection        |       |       |       |       |     1 |    20 ||    21
